[Event "Late-Titled-Tuesday-Blitz-January-23-2024"]
[Site "Chess.com"]
[Date "2024.01.23"]
[Round "2"]
[White "FairChess_on_YouTube"]
[Black "aa175"]
[Result "1-0"]
[WhiteElo "3085"]
[BlackElo "2672"]
[TimeControl "180+1"]
[EndTime "14:13:24 PST"]
[Termination "FairChess_on_YouTube won by resignation"]

1. c4 e5 2. Nc3 Nf6 3. Nf3 Nc6 4. d3 d5 5. cxd5 Nxd5 6. g3 Nxc3 7. bxc3 e4 8. dxe4 Qxd1+ 9. Kxd1 Bg4 10. Bg2 O-O-O+ 11. Kc2 Bh5 12. Be3 f6 13. Rhd1 Ba3 14. Rab1 Bf7 15.
Nd4 Nxd4+ 16. cxd4 Rhe8 17. f3 Re6 18. Bh3 1-0

[Event "Late-Titled-Tuesday-Blitz-January-23-2024"]
[Site "Chess.com"]
[Date "2024.01.23"]
[Round "2"]
[White "DavidGavrilescu18"]
[Black "dosto07"]
[Result "1-0"]
[WhiteElo "2806"]
[BlackElo "2546"]
[TimeControl "180+1"]
[EndTime "14:13:28 PST"]
[Termination "DavidGavrilescu18 won by resignation"]

1. e4 e5 2. h3 Nf6 3. Nc3 Nc6 4. Nf3 d5 5. exd5 Nxd5 6. Bb5 Nxc3 7. bxc3 Bd6 8. O-O O-O 9. Re1 Re8 10. d4 exd4 11. Rxe8+ Qxe8 12. cxd4 Bd7 13. Rb1 b6 14. Bd3 Nb4 15.
Bc4 Be6 16. Bxe6 Qxe6 17. a3 Nd5 18. Qd3 Re8 19. Bd2 Qe4 20. Re1 1-0

[Event "Late-Titled-Tuesday-Blitz-January-23-2024"]
[Site "Chess.com"]
[Date "2024.01.23"]
[Round "2"]
[White "vyprd"]
[Black "thesupera12"]
[Result "1-0"]
[WhiteElo "2335"]
[BlackElo "2520"]
[TimeControl "180+1"]
[EndTime "14:13:31 PST"]
[Termination "vyprd won by resignation"]

1. e4 d5 2. exd5 Qxd5 3. Nc3 Qa5 4. d4 Nf6 5. Bd2 c6 6. Bc4 Bg4 7. f3 Bh5 8. Qe2 Nbd7 9. O-O-O Qc7 10. Nh3 O-O-O 11.
Nf4 e5 12. dxe5 Nxe5 13. g4 Nxc4 14. Qxc4 Bg6 15. h4 Bd6 16. h5 Bxf4 17. Bxf4 Qa5 18. hxg6 hxg6 19. Rxh8 Rxh8 20. Qxf7 g5 21. Qe6+ 1-0

[Event "Late-Titled-Tuesday-Blitz-January-23-2024"]
[Site "Chess.com"]
[Date "2024.01.23"]
[Round "2"]
[White "Andrej2004"]
[Black "sergoy"]
[Result "0-1"]
[WhiteElo "2621"]
[BlackElo "3027"]
[TimeControl "180+1"]
[EndTime "14:13:34 PST"]
[Termination "sergoy won by resignation"]

1. e4 c5 2. Nf3 d6 3. Nc3 a6 4.
a4 Nf6 5. Bc4 e6 6. O-O Be7 7. d4 cxd4 8. Nxd4 O-O 9. h3 Nc6 10.
Be3 Qc7 11. Be2 Bd7 12. Qd2 Ne5 13. f4 Nc4 14. Bxc4 Qxc4 15. e5 dxe5 16. fxe5 Nd5 17.
Nxd5 Qxd5 18. b3 Qxe5 19. Bf4 Qh5 20. Nf5 Qxf5 21. Qxd7 Bf6 22. Qxb7 Bxa1 0-1

[Event "Late-Titled-Tuesday-Blitz-January-23-2024"]
[Site "Chess.com"]
[Date "2024.01.23"]
[Round "2"]
[White "Practical-Play"]
[Black "Kostukov_Alex"]
[Result "1-0"]
[WhiteElo "2522"]
[BlackElo "2293"]
[TimeControl "180+1"]
[EndTime "14:13:40 PST"]
[Termination "Practical-Play won by resignation"]

1. d4 g6 2. e4 c5 3. c3 cxd4 4. cxd4 d6 5. Nc3 d5 6. Nxd5 Bg7 7. Bf4 e5 8. dxe5 Be6 9. Nf3 Nc6 10. h4 h6 11. Bc4 Nge7 12. Qd2 Qb8 13. Nf6+ Kf8 14. Bxe6 1-0

[Event "Late-Titled-Tuesday-Blitz-January-23-2024"]
[Site "Chess.com"]
[Date "2024.01.23"]
[Round "2"]
[White "campochess"]
[Black "ural58"]
[Result "0-1"]
[WhiteElo "2089"]
[BlackElo "2458"]
[TimeControl "180+1"]
[EndTime "14:13:49 PST"]
[Termination "ural58 won by resignation"]

1. Nf3 Nc6 2. d4 d5 3. c4 e5 4. cxd5 Qxd5 5. Nc3 Bb4 6. e3 exd4 7. Nxd4 Nxd4 8.
Qxd4 Qxd4 9. exd4 Nf6 10. Bd3 Be6 11. O-O O-O-O 12. Be3 Ng4 13. Rfd1 Nxe3 14. fxe3 a6 15. a3 Be7 16. Be4 Kb8 17. Rac1 Bg5 18. Kf2 Rhe8 19. Rd2 f5 20. Bf3 Bc4 21. Re1 Re7 22. g4 Rde8 23.
Nd1 Bh4+ 24. Kg2 fxg4 0-1

[Event "Late-Titled-Tuesday-Blitz-January-23-2024"]
[Site "Chess.com"]
[Date "2024.01.23"]
[Round "2"]
[White "GMRAVEN_ON_YOUTUBE"]
[Black "Mikhal867"]
[Result "1-0"]
[WhiteElo "2844"]
[BlackElo "2424"]
[TimeControl "180+1"]
[EndTime "14:13:52 PST"]
[Termination "GMRAVEN_ON_YOUTUBE won by resignation"]

1. f4 e5 2. fxe5 d6 3. exd6 Bxd6 4. Nf3 g5 5. g3 g4 6. Nh4 Be7 7. Ng2 f5 8. d4 Nf6 9. Nc3 b6 10. d5 Bb7 11. Nf4 Bb4 12. Bg2 O-O 13. O-O Bxc3 14. bxc3 Ne4 15. c4 Qe7 16. Ne6 Rf7 17. Bxe4 fxe4 18.
Bb2 c5 19. Rxf7 Qxf7 20. Qd2 Nd7 21. Qc3 1-0

[Event "Late-Titled-Tuesday-Blitz-January-23-2024"]
[Site "Chess.com"]
[Date "2024.01.23"]
[Round "2"]
[White "EvilMorty23"]
[Black "Charodej1"]
[Result "1-0"]
[WhiteElo "2512"]
[BlackElo "2271"]
[TimeControl "180+1"]
[EndTime "14:14:04 PST"]
[Termination "EvilMorty23 won by resignation"]

1. e4 c6 2. d4 d5 3. e5 Bf5 4.
h4 h5 5. c4 dxc4 6. Bxc4 e6 7.
Nc3 Nd7 8. Nge2 Nb6 9. Bd3 Bxd3 10. Qxd3 Ne7 11. Bg5 Qd7 12. Ne4 Nf5 13. O-O Be7 14.
N2g3 Nxg3 15. fxg3 Bxg5 16. Nd6+ 1-0

[Event "Late-Titled-Tuesday-Blitz-January-23-2024"]
[Site "Chess.com"]
[Date "2024.01.23"]
[Round "2"]
[White "YurasovMat-2012"]
[Black "Jumbo"]
[Result "0-1"]
[WhiteElo "2597"]
[BlackElo "2960"]
[TimeControl "180+1"]
[EndTime "14:14:06 PST"]
[Termination "Jumbo won by resignation"]

1. e4 c5 2. Nf3 d6 3. Bb5+ Bd7 4. Bxd7+ Nxd7 5. O-O Ngf6 6. Re1 e6 7. d4 cxd4 8.
Nxd4 Rc8 9. b3 a6 10. c4 Be7 11.
Bb2 Qa5 12. Nc3 O-O 13. Qe2 Rfe8 14. Rad1 Ne5 15. h3 Ng6 16. g3 Bf8 17. f4 e5 18. fxe5 dxe5 19. Nf5 Bb4 20. Qf3 b5 21. Rf1 bxc4 22. Nxg7 Qb6+ 23. Kh1 Kxg7 24. Nd5 Nxd5 25. Qxf7+ Kh8 26. Rxd5 Rf8 27. Rxe5 c3 0-1

[Event "Late-Titled-Tuesday-Blitz-January-23-2024"]
[Site "Chess.com"]
[Date "2024.01.23"]
[Round "2"]
[White "alexgo05"]
[Black "only_strong_moves"]
[Result "0-1"]
[WhiteElo "2325"]
[BlackElo "2537"]
[TimeControl "180+1"]
[EndTime "14:14:09 PST"]
[Termination "only_strong_moves won by resignation"]

1. Nf3 Nf6 2. b3 d6 3. Bb2 e5 4. e3 Be7 5. c4 c6 6. d4 e4 7.
Nfd2 d5 8. Ba3 O-O 9. Be2 Re8 10. O-O Na6 11. Bxe7 Qxe7 12. Nc3 Nc7 13. cxd5 cxd5 14.
Qc2 Bg4 15. Rfc1 Rac8 16. Bxg4 Nxg4 17. Nxd5 Qh4 18. Nf1 Nxd5 19. Qxc8 Qxf2+ 20. Kh1 Qxf1+ 21. Rxf1 Rxc8 22. Rac1 Rc3 23. Rxc3 Nxc3 24. h3 Nxe3 25. Rc1 Ned5 0-1

[Event "Late-Titled-Tuesday-Blitz-January-23-2024"]
[Site "Chess.com"]
[Date "2024.01.23"]
[Round "2"]
[White "el_sporco"]
[Black "SanchezKelvin"]
[Result "0-1"]
[WhiteElo "2365"]
[BlackElo "2548"]
[TimeControl "180+1"]
[EndTime "14:14:10 PST"]
[Termination "SanchezKelvin won by resignation"]

1. e4 e5 2. Nf3 Nc6 3. Bb5 a6 4. Ba4 Nf6 5. O-O b5 6. Bb3 Be7 7. d4 d6 8. c3 Bg4 9. h3 Bxf3 10. Qxf3 exd4 11. Qg3 O-O 12. Bh6 Ne8 13. Bd5 Qd7 14.
cxd4 Kh8 15. Rc1 Nxd4 16. Qd3 c6 17. Qxd4 cxd5 18. Be3 dxe4 19. Qd2 f5 20. Nc3 Nf6 21.
Nd5 Nxd5 22. Qxd5 Bf6 23. Bd4 Qf7 24. Bxf6 Qxd5 0-1

[Event "Late-Titled-Tuesday-Blitz-January-23-2024"]
[Site "Chess.com"]
[Date "2024.01.23"]
[Round "2"]
[White "m_ezat"]
[Black "BozeKat"]
[Result "1-0"]
[WhiteElo "2451"]
[BlackElo "2015"]
[TimeControl "180+1"]
[EndTime "14:14:18 PST"]
[Termination "m_ezat won by resignation"]

1. d4 Nf6 2. c4 e6 3. Nc3 Bb4 4. e3 b6 5. a3 Bxc3+ 6. bxc3 c5 7. Bd3 Bb7 8. f3 O-O 9. Ne2 Nc6 10. O-O d6 11. e4 e5 12. Bg5 h6 13. Bh4 g5 14.
Bf2 Nh5 15. h4 Kg7 16. g4 Nf4 17. Ng3 Nxd3 18. Qxd3 Ne7 19. Rad1 gxh4 20. Nh5+ Kh8 21. Bxh4 Qd7 22. dxe5 Ng6 23. Bf6+ Kh7 24. Qe3 d5 25.
exd5 Ba6 26. Bg7 Qe7 27. Qxh6+ 1-0

[Event "Late-Titled-Tuesday-Blitz-January-23-2024"]
[Site "Chess.com"]
[Date "2024.01.23"]
[Round "2"]
[White "Cheer_Down"]
[Black "ViIIagra"]
[Result "0-1"]
[WhiteElo "2428"]
[BlackElo "2962"]
[TimeControl "180+1"]
[EndTime "14:14:34 PST"]
[Termination "ViIIagra won by resignation"]

1. e4 d6 2. d4 g6 3. Nc3 a6 4. g4 Bg7 5. Bg2 Nc6 6. Nge2 Bxg4 7. Be3 Nf6 8. Qd2 O-O 9. h3 Bxe2 10. Nxe2 d5 11. e5 Ne4 12. Bxe4 dxe4 13. Ng3 f5 14.
exf6 exf6 15. Nxe4 f5 16. Nc5 b6 17. Nb3 Qd5 18.
O-O-O a5 19. Kb1 a4 20. Nc1 a3 21. b3 f4 22. Bxf4 Nxd4 23. Be3 c5 24. Ne2 Rad8 25. Nxd4 cxd4 26. Bg5 Rc8 27. c4 Qf5+ 28. Kc1 d3 29. Be7 Bb2+ 30. Kb1 Rfe8 31. Rhe1 Bc3 32. Qxc3 d2+ 0-1

[Event "Late-Titled-Tuesday-Blitz-January-23-2024"]
[Site "Chess.com"]
[Date "2024.01.23"]
[Round "2"]
[White "Walter_White_Poland"]
[Black "Gentlejimmy7"]
[Result "0-1"]
[WhiteElo "2348"]
[BlackElo "2542"]
[TimeControl "180+1"]
[EndTime "14:14:37 PST"]
[Termination "Gentlejimmy7 won by resignation"]

1. e4 c6 2. d4 d5 3. f3 e5 4. dxe5 Qb6 5. Nc3 Bc5 6. Na4 Bf2+ 7. Ke2 Qb5+ 8. Kxf2 Qxa4 9. Be3 dxe4 10. b3 Qa5 11. Qd6 Nd7 12. f4 Nh6 13. e6 Ng4+ 14. Kg3 Nxe3 15.
exd7+ Bxd7 16. Bc4 Nf5+ 17. Kf2 Nxd6 0-1

[Event "Late-Titled-Tuesday-Blitz-January-23-2024"]
[Site "Chess.com"]
[Date "2024.01.23"]
[Round "2"]
[White "GM_dmitrij"]
[Black "CM_rui"]
[Result "1-0"]
[WhiteElo "3005"]
[BlackElo "2603"]
[TimeControl "180+1"]
[EndTime "14:14:40 PST"]
[Termination "GM_dmitrij won by resignation"]

1. e4 e5 2. Nf3 Nc6 3. Bb5 a6 4. Ba4 Nf6 5. Nc3 b5 6. Bb3 Be7 7. a4 b4 8. Nd5 Nxe4 9. d4 exd4 10. O-O O-O 11. Re1 Nf6 12. Nxd4 Bb7 13. Nxc6 1-0

[Event "Late-Titled-Tuesday-Blitz-January-23-2024"]
[Site "Chess.com"]
[Date "2024.01.23"]
[Round "2"]
[White "Nf3c5"]
[Black "Andrii_Prydun"]
[Result "0-1"]
[WhiteElo "2548"]
[BlackElo "2399"]
[TimeControl "180+1"]
[EndTime "14:14:44 PST"]
[Termination "Andrii_Prydun won by resignation"]

1. d4 Nf6 2. Nf3 a6 3. e3 d5 4. c4 c6 5. c5 a5 6. Ne5 Nfd7 7. f4 Nxe5 8. fxe5 Bf5 9. Bd3 e6 10.
Bxf5 exf5 11. O-O g6 12. g4 Qg5 13. h3 h5 14. e4 Qh4 15. exf5 Qg3+ 16. Kh1 Qxh3+ 17.
Kg1 Qg3+ 0-1

[Event "Late-Titled-Tuesday-Blitz-January-23-2024"]
[Site "Chess.com"]
[Date "2024.01.23"]
[Round "2"]
[White "HackingKid98"]
[Black "ItalianMachine"]
[Result "1-0"]
[WhiteElo "2548"]
[BlackElo "2366"]
[TimeControl "180+1"]
[EndTime "14:14:46 PST"]
[Termination "HackingKid98 won by resignation"]

1. Nf3 Nf6 2. g3 g6 3. Bg2 Bg7 4. c4 d6 5. Nc3 O-O 6. d4 c5 7. O-O cxd4 8. Nxd4 a6 9. Nb3 Nc6 10. c5 dxc5 11. Qxd8 Rxd8 12. Nxc5 Nd7 13. N5a4 Rb8 14. Rd1 Nde5 15. Bf4 Bf5 16. Nc5 Rxd1+ 17. Rxd1 b6 18. Nxa6 Ra8 19. Nc7 Rc8 20. N7d5 e6 21. Nxb6 Rb8 22. Bxc6 1-0

[Event "Late-Titled-Tuesday-Blitz-January-23-2024"]
[Site "Chess.com"]
[Date "2024.01.23"]
[Round "2"]
[White "ChessSwole"]
[Black "Carlitus2004"]
[Result "0-1"]
[WhiteElo "2617"]
[BlackElo "2415"]
[TimeControl "180+1"]
[EndTime "14:14:47 PST"]
[Termination "Carlitus2004 won by checkmate"]

1. e4 Nc6 2. Nf3 g6 3. d4 d6 4.
Be2 Bg7 5. O-O e5 6. c3 Nf6 7.
Re1 O-O 8. Nbd2 Re8 9. Bf1 Nh5 10. Nc4 Nf4 11. h3 Qf6 12. Kh2 h6 13. g3 Nh5 14. dxe5 Nxe5 15. Ncxe5 dxe5 16. Be3 Be6 17. Nd2 Rad8 18. a4 Rd7 19. Be2 Red8 20. Qc2 Rxd2 21. Bxd2 Qxf2+ 22. Kh1 Nxg3# 0-1

[Event "Late-Titled-Tuesday-Blitz-January-23-2024"]
[Site "Chess.com"]
[Date "2024.01.23"]
[Round "2"]
[White "Boninknights"]
[Black "j_coca"]
[Result "1-0"]
[WhiteElo "2375"]
[BlackElo "2529"]
[TimeControl "180+1"]
[EndTime "14:14:53 PST"]
[Termination "Boninknights won by resignation"]

1. d4 g6 2. Bg5 Bg7 3. c3 f6 4. Bh4 Nh6 5. e4 O-O 6. Bc4+ Kh8 7. Ne2 d6 8. Nd2 Nc6 9. Qc2 a6 10. a3 Qe8 11. Bg3 e5 12. d5 Ne7 13. h4 f5 14. f3 Bd7 15. h5 g5 16. Bd3 f4 17. Bf2 c5 18. g4 b5 19. c4 Nhg8 20. b4 cxb4 21. axb4 h6 22. c5 Nf6 23. cxd6 Nc8 24.
Bc5 Qd8 25. Kf2 Ne8 26. Ra2 Ncxd6 27. Rha1 Bc8 28. Nb3 Rb8 29. Na5 Nf6 30. Nc6 Qc7 31. Nxb8 Qxb8 32. Rxa6 Bxa6 33. Rxa6 Rd8 34. Nc3 Qc7 35.
Rc6 Qd7 36. Rxd6 1-0

[Event "Late-Titled-Tuesday-Blitz-January-23-2024"]
[Site "Chess.com"]
[Date "2024.01.23"]
[Round "2"]
[White "TV27"]
[Black "toninhojit"]
[Result "1/2-1/2"]
[WhiteElo "2192"]
[BlackElo "2468"]
[TimeControl "180+1"]
[EndTime "14:14:54 PST"]
[Termination "Game drawn by repetition"]

1. e4 e5 2. Nf3 Nc6 3. Bc4 Nf6 4. Ng5 d5 5. exd5 Na5 6. Bb5+ c6 7. dxc6 bxc6 8. Bd3 h6 9. Ne4 Nd5 10. Nbc3 Be7 11.
O-O O-O 12. Nxd5 cxd5 13. Ng3 e4 14. Be2 f5 15. d3 f4 16. Nh1 f3 17. gxf3 exf3 18.
Bxf3 Bh3 19. Re1 Bc5 20. d4 Bd6 21. Bxd5+ Kh8 22. Qh5 Rf5 23. Qxh3 Rxd5 24. Bxh6 gxh6 25. Qxh6+ Kg8 26. Qg6+ Kh8 27. Qh6+ Kg8 28. Qg6+ Kh8 29. Qh6+ 1/2-1/2

[Event "Late-Titled-Tuesday-Blitz-January-23-2024"]
[Site "Chess.com"]
[Date "2024.01.23"]
[Round "2"]
[White "Jenia84"]
[Black "Matrix3x3a"]
[Result "1-0"]
[WhiteElo "2310"]
[BlackElo "2507"]
[TimeControl "180+1"]
[EndTime "14:14:56 PST"]
[Termination "Jenia84 won by resignation"]

1. e4 c5 2. Nf3 d6 3. d4 cxd4 4. Nxd4 Nf6 5. Nc3 a6 6. f3 e5 7.
Nb3 Be7 8. Be3 Be6 9. Qd2 h5 10. O-O-O Nbd7 11. Kb1 Rc8 12. h3 b5 13. Nd5 Nxd5 14.
exd5 Bf5 15. Bd3 Bxd3 16. Qxd3 h4 17. f4 O-O 18. Qf5 Bf6 19. fxe5 Nxe5 20. Bd4 g6 21.
Qf2 Bg7 22. Nd2 Nc4 23. Nxc4 Rxc4 24. Bxg7 Kxg7 25. Rhf1 Qg5 26. Rd4 Rxd4 27. Qxd4+ Qe5 28. Qxe5+ dxe5 29. b3 Rd8 30. c4 bxc4 31. bxc4 f5 32.
Kc2 Kf6 33. Kd3 Ke7 34. Rb1 Rd6 35. Rb7+ Kf6 36. Rh7 Kg5 37. Ke3 a5 38. Re7 e4 39.
Rc7 Rb6 40. c5 Rb2 41. d6 Rxa2 42. d7 Ra3+ 43. Ke2 Rd3 44. c6 a4 45. Rc8 a3 46.
d8=Q+ Rxd8 47. Rxd8 a2 48. Ra8 1-0

[Event "Late-Titled-Tuesday-Blitz-January-23-2024"]
[Site "Chess.com"]
[Date "2024.01.23"]
[Round "2"]
[White "Bkmzzzzz"]
[Black "koziororo"]
[Result "1-0"]
[WhiteElo "2407"]
[BlackElo "2591"]
[TimeControl "180+1"]
[EndTime "14:14:59 PST"]
[Termination "Bkmzzzzz won by resignation"]

1. e4 g6 2. d4 Bg7 3. Nc3 c5 4.
Nf3 cxd4 5. Nxd4 Nc6 6. Be3 d6 7. Bc4 Nf6 8. f3 O-O 9. Qd2 Bd7 10. h4 h5 11. O-O-O Rc8 12. Bb3 Ne5 13. Kb1 Re8 14. Bh6 Bh8 15. g4 Nc4 16. Bxc4 Rxc4 17. gxh5 Nxh5 18.
Nde2 Be6 19. f4 Bg4 20. e5 Qa5 21. Rhg1 Bxe2 22. Qxe2 Rxc3 23. Qxh5 Bg7 24. Rxg6 fxg6 25. Qxg6 1-0

[Event "Late-Titled-Tuesday-Blitz-January-23-2024"]
[Site "Chess.com"]
[Date "2024.01.23"]
[Round "2"]
[White "LastHeroJr"]
[Black "maurovargas01"]
[Result "1-0"]
[WhiteElo "2435"]
[BlackElo "1838"]
[TimeControl "180+1"]
[EndTime "14:14:59 PST"]
[Termination "LastHeroJr won by resignation"]

1. e4 c5 2. Nf3 Nc6 3. d4 cxd4 4. Nxd4 d6 5. Nc3 g6 6. Be3 Bg7 7. Qd2 Bd7 8. O-O-O Rc8 9. Kb1 Ne5 10. f3 Nc4 11. Bxc4 Rxc4 12. g4 Nf6 13. h4 h6 14.
h5 g5 15. Nf5 Bxf5 16. gxf5 O-O 17. Bxg5 Rxc3 18. Bxh6 Rxc2 19. Qg5 Rxb2+ 20. Kxb2 Qb6+ 21.
Ka1 Nxh5+ 22. Bxg7 Nxg7 23. Rhg1 1-0

[Event "Late-Titled-Tuesday-Blitz-January-23-2024"]
[Site "Chess.com"]
[Date "2024.01.23"]
[Round "2"]
[White "traviscottofficial"]
[Black "KVAIDAN"]
[Result "1-0"]
[WhiteElo "2544"]
[BlackElo "2359"]
[TimeControl "180+1"]
[EndTime "14:15:05 PST"]
[Termination "traviscottofficial won by checkmate"]

1. b3 f5 2. Bb2 Nf6 3. Nf3 d6 4.
e3 e5 5. d4 Be7 6. dxe5 Ng4 7. h3 Nxe5 8. Nxe5 dxe5 9. Qxd8+ Bxd8 10. Bxe5 O-O 11. Bc4+ Kh8 12. Nd2 Nc6 13. Bc3 f4 14.
exf4 Rxf4 15. O-O Bf6 16. Bxf6 Rxf6 17. Rfe1 Bf5 18. Ne4 Rff8 19. Nc5 b6 20. Ne6 Bxe6 21. Rxe6 Nd4 22. Re7 Nxc2 23. Rc1 Nb4 24. a3 Nc6 25. Rxc7 Ne5 26. Bf1 a5 27. Re7 Ng6 28. Rb7 Rab8 29. Rcc7 Rxb7 30. Rxb7 Rf6 31. Rb8+ Nf8 32. Bd3 g6 33.
Bc4 Kg7 34. Rb7+ Kh6 35. g3 Kg5 36. Kg2 Kf5 37. Kf3 Ke5+ 38. Ke3 Rd6 39. f4+ Kf5 40. Rf7+ Rf6 41. g4# 1-0

[Event "Late-Titled-Tuesday-Blitz-January-23-2024"]
[Site "Chess.com"]
[Date "2024.01.23"]
[Round "2"]
[White "GMAkobianSTL"]
[Black "MusicCityMaster"]
[Result "1-0"]
[WhiteElo "2760"]
[BlackElo "2472"]
[TimeControl "180+1"]
[EndTime "14:15:09 PST"]
[Termination "GMAkobianSTL won by resignation"]

1. d4 Nf6 2. c4 c5 3. d5 b5 4.
cxb5 a6 5. bxa6 g6 6. Nc3 Bg7 7. e4 O-O 8. a7 Rxa7 9. e5 Ne8 10.
Nf3 d6 11. exd6 exd6 12. Be2 Ba6 13. O-O Nf6 14. Bg5 h6 15. Bf4 Re8 16. Re1 Rae7 17. Bxa6 Nxa6 18. Rxe7 Qxe7 19. Qd2 g5 20. Re1 Qd8 21.
Rxe8+ Nxe8 22. Bg3 Qe7 23. h4 g4 24. Nh2 Nf6 25. Nf1 Nc7 26. Ne3 h5 27. Nf5 Qd7 28. Qg5 Nce8 29. Nxg7 Nxg7 30. Qxf6 Qf5 31. Qxf5 Nxf5 32.
a4 1-0

[Event "Late-Titled-Tuesday-Blitz-January-23-2024"]
[Site "Chess.com"]
[Date "2024.01.23"]
[Round "2"]
[White "ArmanGhevondyanchess"]
[Black "Cluke86"]
[Result "1-0"]
[WhiteElo "2590"]
[BlackElo "2254"]
[TimeControl "180+1"]
[EndTime "14:15:16 PST"]
[Termination "ArmanGhevondyanchess won by resignation"]

1. Nf3 d6 2. d4 Nf6 3. g3 g6 4. Bg2 Bg7 5. O-O O-O 6. b3 c5 7. Bb2 Nc6 8. c4 Bf5 9. Nc3 Ne4 10. e3 Nxc3 11. Bxc3 Be4 12. Qd2 Qb6 13. d5 Nb8 14. Bxg7 Kxg7 15. Qc3+ Kg8 16. Ng5 Bxg2 17. Kxg2 Nd7 18.
Rad1 Qd8 19. f4 h6 20. Nf3 f5 21. e4 fxe4 22. Nd2 Nf6 23. Rde1 Qd7 24. Nxe4 Rae8 25. Rf2 Qg4 26. Nxf6+ Rxf6 27. Rxe7 Rf7 28. Rxe8+ 1-0

[Event "Late-Titled-Tuesday-Blitz-January-23-2024"]
[Site "Chess.com"]
[Date "2024.01.23"]
[Round "2"]
[White "stasOR4ik"]
[Black "Rodalquilar"]
[Result "0-1"]
[WhiteElo "2407"]
[BlackElo "2747"]
[TimeControl "180+1"]
[EndTime "14:15:20 PST"]
[Termination "Rodalquilar won by resignation"]

1. e4 d5 2. exd5 Qxd5 3. Nf3 Bg4 4. Be2 Nc6 5. O-O O-O-O 6. a3 Nf6 7. b4 e5 8. b5 Nd4 9. Nxd4 Qxd4 10. c3 Bxe2 11.
Qxe2 Qe4 12. Re1 Qxe2 13. Rxe2 e4 14. c4 Bc5 15. Bb2 Bd4 16. Nc3 Rhe8 17. Rae1 Re5 18.
d3 exd3 19. Rxe5 d2 20. Re7 Bc5 21. R7e2 dxe1=Q+ 22. Rxe1 Rd2 23. Re2 Rd4 24. Ne4 Rd1+ 0-1

[Event "Late-Titled-Tuesday-Blitz-January-23-2024"]
[Site "Chess.com"]
[Date "2024.01.23"]
[Round "2"]
[White "rychessmaster1"]
[Black "TheAlienParty"]
[Result "1-0"]
[WhiteElo "2730"]
[BlackElo "2350"]
[TimeControl "180+1"]
[EndTime "14:15:21 PST"]
[Termination "rychessmaster1 won by resignation"]

1. d4 Nf6 2. Nc3 d5 3. Bf4 e6 4.
Nb5 Na6 5. e3 c6 6. Nc3 Bd6 7.
Bxd6 Qxd6 8. Bxa6 bxa6 9. Nf3 a5 10. O-O Ba6 11. Re1 Nd7 12. Na4 O-O 13. c3 c5 14. Rc1 Rab8 15. b3 Bb5 16. dxc5 Nxc5 17.
Nxc5 Qxc5 18. Qd4 Rfc8 19. h4 f6 20. e4 Qxd4 21. Nxd4 Bd7 22. exd5 exd5 23. Re7 Rb7 24. Nf5 g6 25. Nd6 1-0

[Event "Late-Titled-Tuesday-Blitz-January-23-2024"]
[Site "Chess.com"]
[Date "2024.01.23"]
[Round "2"]
[White "Balla_Tamas"]
[Black "Mikhail_Bryakin"]
[Result "0-1"]
[WhiteElo "2462"]
[BlackElo "2826"]
[TimeControl "180+1"]
[EndTime "14:15:21 PST"]
[Termination "Mikhail_Bryakin won by resignation"]

1. e4 d6 2. d4 e5 3. Nf3 Nd7 4. Nc3 Ngf6 5. Bc4 h6 6. O-O c6 7. a4 Qc7 8. b3 g6 9. Bb2 Bg7 10. Qe2 O-O 11. Rad1 a6 12. dxe5 dxe5 13. Ba3 Re8 14.
Bd6 Qa5 15. b4 Qb6 16. a5 Qa7 17. Bb3 b5 18. axb6 Nxb6 19. Bc5 Nfd7 20. Rxd7 Bxd7 21. Na4 Rab8 22. Nxb6 Rxb6 23. Qe3 Reb8 24. Rd1 Be8 25. Bxb6 Qxb6 26. Qxb6 Rxb6 27. Rd8 Kf8 28. c3 a5 29. h3 axb4 30. cxb4 Rxb4 31. Bc2 Bf6 32. Rc8 Rc4 33. Bd3 Rc3 34. Ba6 Ke7 35. Rc7+ Kd6 36. Rc8 Bd7 37. Rf8 Be6 38. g4 Rxf3 0-1

[Event "Late-Titled-Tuesday-Blitz-January-23-2024"]
[Site "Chess.com"]
[Date "2024.01.23"]
[Round "2"]
[White "disciplinedbrat"]
[Black "ProChessWICTH"]
[Result "0-1"]
[WhiteElo "2285"]
[BlackElo "2515"]
[TimeControl "180+1"]
[EndTime "14:15:26 PST"]
[Termination "ProChessWICTH won by resignation"]

1. Nf3 Nf6 2. g3 g6 3. Bg2 Bg7 4. O-O O-O 5. c4 d5 6. cxd5 Nxd5 7. Nc3 Nb6 8. d3 c5 9. Qc2 Nc6 10. Be3 Nd4 11. Bxd4 cxd4 12. Nb5 a6 13. Na3 Be6 14. b3 Rc8 15. Qb2 Nd5 16. Ng5 Bf5 17. Rac1 Qd7 18.
Nc4 Rc7 19. Nf3 Nc3 20. Nce5 Qe6 21. Nc4 Nxe2+ 0-1

[Event "Late-Titled-Tuesday-Blitz-January-23-2024"]
[Site "Chess.com"]
[Date "2024.01.23"]
[Round "2"]
[White "HajiyevKanan"]
[Black "BardArtem"]
[Result "1-0"]
[WhiteElo "2565"]
[BlackElo "2811"]
[TimeControl "180+1"]
[EndTime "14:15:30 PST"]
[Termination "HajiyevKanan won by resignation"]

1. d4 Nf6 2. Nf3 b6 3. g3 Bb7 4. Bg2 g6 5. O-O Bg7 6. b3 O-O 7.
Bb2 e6 8. c4 d6 9. Nbd2 Nbd7 10.
Qc2 Re8 11. Rad1 Qe7 12. Rfe1 e5 13. e4 a5 14. a3 h6 15. h3 Kh7 16. Kh2 Rad8 17.
b4 axb4 18. axb4 exd4 19. Nxd4 Qe5 20. f4 Qe7 21. e5 Bxg2 22. exf6 Qxf6 23. Kxg2 c5 24. Ne4 Rxe4 25. Rxe4 cxd4 26. Bxd4 Qf5 27. g4 1-0

[Event "Late-Titled-Tuesday-Blitz-January-23-2024"]
[Site "Chess.com"]
[Date "2024.01.23"]
[Round "2"]
[White "DrCeltic"]
[Black "AntonSmirnov"]
[Result "0-1"]
[WhiteElo "2600"]
[BlackElo "2984"]
[TimeControl "180+1"]
[EndTime "14:15:35 PST"]
[Termination "AntonSmirnov won on time"]

1. e4 c5 2. Nf3 d6 3. d4 cxd4 4. Nxd4 Nf6 5. Nc3 a6 6. Be3 e5 7. Nf3 Qc7 8. a4 Be7 9. a5 O-O 10. Be2 Bd8 11. O-O Nc6 12. Bg5 Nxa5 13. Bxf6 Bxf6 14. Nd5 Qd8 15. Nxf6+ gxf6 16. Qd2 Nc6 17. Qh6 Kh8 18. Rfd1 Rg8 19. Nh4 Nd4 20. Bh5 Be6 21.
c3 Nb3 22. Ra3 Nc5 23. Nf5 Nxe4 0-1

[Event "Late-Titled-Tuesday-Blitz-January-23-2024"]
[Site "Chess.com"]
[Date "2024.01.23"]
[Round "2"]
[White "sofaceindisguise"]
[Black "lucachess49"]
[Result "1-0"]
[WhiteElo "2765"]
[BlackElo "2513"]
[TimeControl "180+1"]
[EndTime "14:15:35 PST"]
[Termination "sofaceindisguise won by resignation"]

1. e4 d6 2. d4 Nf6 3. Nc3 Nbd7 4. f4 e5 5. Nf3 exd4 6. Qxd4 Nc5 7. Bd2 Nfxe4 8. Nxe4 Qe7 9. O-O-O Nxe4 10. Re1 f5 11.
Ng5 Qf6 12. Qc4 d5 13. Qxd5 c6 14. Nxe4 fxe4 15. Qxe4+ Kd8 16. Bc3 Qf7 17. Rd1+ Kc7 18. Be5+ Kb6 19. Bc4 Qf5 20. Qe3+ Bc5 21. Qb3+ Ka5 22.
Bc3+ 1-0